 Dungeon Crawl Stone Soup version 0.26-a0-466-g989023bd0d (webtiles) character file.

Game seed: 6695036227592033060

0 jt the Sneak (level 1, -6/25 HPs)
             Began as a Palentonga Delver on Aug 7, 2020.
             Was an Initiate of Hepliaklqana.
             Mangled by an ogre
             ... wielding a +0 giant club
              (14 damage)
             ... on level 4 of the Dungeon.
             The game lasted 00:01:22 (95 turns).

jt the Sneak (Palentonga Delver)                      Turns: 95, Time: 00:01:22

Health: -6/25      AC: 20    Str: 15    XL:     1   Next: 0%
Magic:  1/1        EV:  1    Int: 10    God:    Hepliaklqana [......]
Gold:   0          SH:  0    Dex: 11    Spells: 0/0 levels left

rFire    . . .     SeeInvis +   a - +0 mace
rCold    . . .     Faith    .   (no shield)
rNeg     + + +     Spirit   .   (armour currently unavailable)
rPois    +         Reflect  .   (helmet currently unavailable)
rElec    .         Harm     .   (cloak currently unavailable)
rCorr    .         NoTele   +   (gloves currently unavailable)
MR       .....                  (boots currently unavailable)
Stlth    ++........             (no amulet)
HPRegen  0.08/turn              (no ring)
MPRegen  0.07/turn              (no ring)

@: lethally poisoned (-6 -> -9), tree-form, hasted, very quick
A: large, reduced essence, rugged brown scales 3, see invisible
a: Recall Ancestor, Ancestor Identity, Renounce Religion


You were on level 4 of the Dungeon.
You worshipped Hepliaklqana.
Hepliaklqana was noncommittal.
You were a tree.
You visited 1 branch of the dungeon, and saw 2 of its levels.

Inventory:

Hand Weapons
 a - a +0 mace (weapon)
 h - a +0 dagger of draining
Missiles
 j - 17 sling bullets
 k - 18 bolts
Armour
 b - a +0 leather armour (melded)
 l - a +2 pair of gloves (melded)
Wands
 g - a wand of digging (3)
Scrolls
 c - a scroll of fog
 d - a scroll of magic mapping
 e - a scroll of fear


   Skills:
 - Level 3.0 Fighting
 + Level 2.0 Maces & Flails
 - Level 1.5 Dodging
 - Level 3.3 Stealth


You couldn't memorise any spells.
You didn't know any spells.
Your spell library was empty.

Dungeon Overview and Level Annotations

Branches:
Dungeon (5/15)
 Temple: D:4-7

Altars:
Dithmenos
Hepliaklqana
Ru

Shops:
D:5 [


Innate Abilities, Weirdness & Mutations

(You are completely covered in rugged brown scales. (AC +3, +7% HP))
You have supernaturally acute eyesight. (SInv)
((Armour fits poorly on your strangely shaped body.))
((You can roll at foes to attack.))
((You have a long armoured tail.))
Your life essence is reduced to manifest your ancestor. (-10% HP)


Message History

Okay, then.
You feel yourself speed up.
The quokka skeleton bites you but does no damage.
The worker ant bites you but does no damage.
You barely miss the ogre.
You feel sick.
The quokka skeleton bites you but does no damage.
The worker ant bites you but does no damage.
The ogre hits you but does no damage.
Press: ? - help, v - describe, . - travel
Here: an ogre, wielding a +0 giant club The floor.
You hit the ogre.
The ogre is lightly wounded.
The worker ant bites you but does no damage.
The quokka skeleton bites you but does no damage.
You closely miss the ogre.
The ogre is lightly wounded.
The ogre hits you with a +0 giant club!
Ouch! That really hurt!
You die...

... ... ..
#. .#
##.####
##.....##
...#..Za...#
......O♣..##
..........#
..........#
.........##
_.......##
......###
._...# ....#
.


You could see an ogre, a worker ant and a quokka skeleton.

Vanquished Creatures (others)
  An ancestor (D:4)
1 creature vanquished.

Notes
Turn   | Place    | Note
-------+----------+-------------------------------------------
     0 | D:5      | jt the Palentonga Delver began the quest for the Orb.
     0 | D:5      | Reached XP level 1. HP: 19/19 MP: 1/1
    34 | D:5      | Found Dopnedd's Antique Armour Shoppe.
    39 | D:5      | Found a hazy altar of Hepliaklqana.
    62 | D:5      | Became a worshipper of Hepliaklqana the Forgotten
    84 | D:4      | Noticed a worker ant
    85 | D:4      | Found a sacrificial altar of Ru.
    85 | D:4      | Found a shadowy altar of Dithmenos.
    87 | D:4      | Noticed an ogre
    95 | D:4      | Mangled by an ogre

Illustrated notes

Levels and vault maps discovered:
D:4:      layout_cave_pods, grunt_temple_overflow_open, lemuel_round_altar,
          serial_shops, shop, shop, okawaru_metal_pillars_1_2, uniq_robin,
          uniq_blork_the_orc, uniq_pikel
D:5:      layout_basic, lemuel_round_altar, basic_altar, serial_shops,
          nicolae_shop_trees

Action                   || total
-------------------------++-------
Melee: Mace              ||     8
Invok: Ancestor Identity ||     1
 Abil: Rolling Charge    ||     1
  Use: Potion            ||     2
Armor: Skin              ||     9
       Leather armour    ||     5
Dodge: Dodged            ||     3

Table legend: (Time is in decaauts)
 A = Elapsed time spent in this place.
 B = Non-inter-level travel time spent in this place.
 C = Inter-level travel time spent in this place.
 D = Time resting spent in this place.
 E = Time spent auto-exploring this place.
 F = Levels seen in this place.
 G = Mean time per level.
                   A        B        C        D        E       F      G
               +--------+--------+--------+--------+--------+-----+--------+
         Total |     94 |     94 |      0 |      0 |      0 |   2 |   47.0 |
       Dungeon |     94 |     94 |      0 |      0 |      0 |   2 |   47.0 |
               +--------+--------+--------+--------+--------+-----+--------+

Top non-repeatable levels by time:
     D:5: 83 daAuts
     D:4: 11 daAuts
